 Dungeon Crawl Stone Soup version 0.30.1-11-g7821555f0a (webtiles) character file.

Game seed: 17780222488296765405

109 booth the Chopper (level 4, -1/36 HPs)
             Began as a Demonspawn Monk on Nov 3, 2023.
             Slain by a bullfrog (7 damage)
             ... on level 4 of the Dungeon on Nov 4, 2023.
             The game lasted 00:14:48 (3180 turns).

booth the Chopper (Demonspawn Monk)                 Turns: 3180, Time: 00:14:49

Health: -1/36      AC:  5    Str: 10 (13) XL:     4   Next: 59%
Magic:  4/4        EV: 11    Int:  8 (11) God:
Gold:   251        SH:  0    Dex: 13 (16) Spells: 3/3 levels left

rFire   + . .        a - +0 hand axe
rCold   . . .        (no shield)
rNeg    . . .        t - +0 ring mail {rF+}
rPois   .            (helmet restricted)
rElec   .            (no cloak)
rCorr   .            (no gloves)
SInv    .            (no boots)
Will    .....        (no amulet)
Stlth   +            (no ring)
HPRegen 0.26/turn    (no ring)
MPRegen 0.09/turn

%: no passive effects
@: no status effects
A: antennae 1, demonic magic 1
a: no special abilities


You were on level 4 of the Dungeon.
You visited 1 branch of the dungeon, and saw 4 of its levels.

You collected 251 gold pieces.

Inventory:

Hand Weapons
 a - a +0 hand axe (weapon)
 s - a +0 war axe
Armour
 d - an orb of light
 t - a +0 ring mail of fire resistance (worn)
Jewellery
 r - a +6 ring of intelligence
Scrolls
 e - a scroll of blinking
 j - a scroll of fear
 k - a scroll of magic mapping
 l - a scroll of noise {unknown}
 m - a scroll of fog
 p - 3 scrolls of teleportation
Potions
 b - a potion of brilliance
 c - 2 potions of ambrosia
 f - a potion of cancellation
 h - a potion of invisibility {unknown}
 i - 2 potions of curing
 n - a potion of flight
 o - a potion of magic


   Skills:
 + Level 3.6 Fighting
 * Level 3.8 Axes
 + Level 1.0 Throwing
 + Level 3.3 Dodging


You had 3 spell levels left.
You didn't know any spells.
Your spell library contained the following spells:

 Spells                   Type           Power      Damage    Failure   Level
 Lesser Beckoning         Tloc           0%         N/A       86%         2
 Gell's Gravitas          Tloc           0%         N/A       98%         3
 Teleport Other           Tloc           0%         N/A       98%         3
 Vhi's Electric Charge    Tloc/Air       0%         N/A       98%         3
 Arcjolt                  Conj/Air       0%         1d10      100%        5
 Maxwell's Capacitive Co  Air            0%         ∞         100%        8


Dungeon Overview and Level Annotations

Branches:
Dungeon (4/15)
 Temple: D:4-7

Altars:

Shops:
D:1 =


Innate Abilities, Weirdness & Mutations

You have a pair of small antennae on your head.
Spells you cast may paralyse adjacent enemies.


Message History

* * * LOW HITPOINT WARNING * * *
You feel better. The bullfrog hits you.
* * * LOW HITPOINT WARNING * * *
The bullfrog closely misses you.
Throw: 2 darts (poison)
Press: ? - help, Q - select action Shift-Dir - straight line, f - bullfrog
Aim: a bullfrog (moderately wounded, 50% to hit)
You throw a poisoned dart.
The poisoned dart barely misses the bullfrog.
The bullfrog misses you.
Throw: dart (poison)
Press: ? - help, Q - select action Shift-Dir - straight line, f/p - bullfrog
Aim: a bullfrog (moderately wounded, 50% to hit)
You throw a poisoned dart. The poisoned dart hits the bullfrog.
The bullfrog is poisoned.
The bullfrog is moderately wounded.
The bullfrog hits you but does no damage. x2
You hit the bullfrog.
The bullfrog is moderately wounded.
The bullfrog closely misses you. The bullfrog barely misses you.
You hit the bullfrog.
The bullfrog is moderately wounded.
The bullfrog closely misses you. The bullfrog barely misses you.
You closely miss the bullfrog.
The bullfrog is heavily wounded.
The bullfrog looks more healthy.
The bullfrog hits you. The bullfrog barely misses you.
You closely miss the bullfrog.
The bullfrog is heavily wounded.
The bullfrog hits you.
* * * LOW HITPOINT WARNING * * *
You hit the bullfrog.
The bullfrog is heavily wounded.
The bullfrog hits you but does no damage.
The bullfrog closely misses you.
You completely miss the bullfrog.
The bullfrog is heavily wounded.
The bullfrog hits you!
You die...

#≈≈...≈≈# #≈⌠._.⌠≈# #≈≈...≈≈#
#≈≈.≈≈# #≈.≈# ######≈(≈#####
###....P≈.≈P...#
#...##.P≈F≈.P#.#
#.####.#≈@≈#.#.# #)#
#P.≈.≈P.#.# #####.#
#P.≈.≈.P#.#
####.....####.#≈.≈#.#.#######
...'.....'.....≈.≈.P.......>#
####.....####..≈.≈P.#######.#
####### #.#≈.≈#..... #.#
###P.≈.≈P.#### #.#
#...##....# #.#


You could see a bullfrog.

Vanquished Creatures
  A gnoll (D:1)
  3 adders
  A worm (D:3)
  3 dart slugs
  6 orcs
  A bat (D:3)
  3 endoplasms
  3 giant cockroaches
  2 goblins
  7 hobgoblins
  2 jackals (D:1)
  4 kobolds
  3 quokkas
  7 ball pythons
  2 frilled lizards
  4 rats
52 creatures vanquished.

Notes
Turn   | Place    | Note
-------+----------+-------------------------------------------
     0 | D:1      | booth the Demonspawn Monk began the quest for the Orb.
     0 | D:1      | Reached XP level 1. HP: 18/18 MP: 1/1
   240 | D:1      | Found Nuteh's Jewellery Shoppe.
   305 | D:1      | Gained mutation: Spells you cast may paralyse adjacent
                  | enemies. [demonic ancestry]
   305 | D:1      | Reached XP level 2. HP: 22/24 MP: 2/2
   883 | D:1      | Discovered your monstrous ancestry.
   883 | D:1      | Gained mutation: You have a pair of small antennae on your
                  | head. [demonic ancestry]
   883 | D:1      | Reached XP level 3. HP: 29/29 MP: 3/3
  1583 | D:2      | Identified the +3 dagger of the Ghost {heavy, +Blink rF-
                  | rN+++ Str-2}
  2063 | D:3      | You fall into a shaft and drop 1 floor!
  2293 | D:3      | Reached XP level 4. HP: 35/35 MP: 4/4
  2793 | D:3      | Reached skill level 1 in Throwing
  3161 | D:4      | Noticed a bullfrog
  3180 | D:4      | Slain by a bullfrog

Illustrated notes

Levels and vault maps discovered:
D:1:      psy_arrival_wood_between_worlds, layout_loops_corners, serial_shops,
          shop_fountains, item_on_display_a
D:2:      layout_basic, hangedman_decor_points, hangedman_glass_teeth
D:3:      layout_basic, chequers_serial_rivers_micro_c,
          minmay_increasing_density
D:4:      layout_basic, nicolae_elyvilon_temple_path, lightli_sewer_entry_pipes,
          roderic_serpentine_path

Skill      XL: |  1  2  3  4 |
---------------+-------------+-----
Axes           | 3 |  3.8
Dodging        | 3 |  3.3
Throwing       | 1 |  1.0
Fighting       | |  3.6

Action                     |  1- 3 |  4- 6 || total
---------------------------+-------+-------++-------
  Melee: Hand axe          |   112 |    55 ||   167
  Throw: Dart              |     4 |     4 ||     8
    Use: Scroll            |     6 |     2 ||     8
         Potion            |     2 |     2 ||     4
 Armour: Robe              |    15 |     4 ||    19
         Ring mail         |       |     9 ||     9
  Dodge: Dodged            |    68 |    38 ||   106
